 Dungeon Crawl Stone Soup version 0.21.0-24-g2553a33 (webtiles) character file.

50 tidbits the Stinger (level 3, 0/28 HPs)
             Began as a Gnoll Wanderer on Jan 20, 2018.
             Slain by a quokka (3 damage)
             ... on level 3 of the Dungeon.
             The game lasted 00:03:42 (377 turns).

tidbits the Stinger (Gnoll Wanderer)                 Turns: 377, Time: 00:03:44

Health: 0/28       AC:  4    Str: 15    XL:     3   Next: 79%
Magic:  5/9        EV: 12    Int: 15    God:
Gold:   27         SH:  4    Dex: 13    Spells: 11/12 levels left

rFire    . . .     SeeInvis .   a - +0 trident
rCold    . . .     Gourm    .   D - +0 buckler
rNeg     . . .     Faith    .   B - +0 robe
rPois    .         Spirit   .   (no helmet)
rElec    .         Reflect  .   C - +1 cloak
rCorr    .         Harm     .   (no gloves)
MR       .....                  (no boots)
Stlth    ++........             (no amulet)
HPRegen  0.09/turn              (no ring)
MPRegen  0.11/turn              (no ring)

@: lethally poisoned (0 -> -4)
A: distributed training, fangs 1, strong nose
a: no special abilities


You were on level 3 of the Dungeon.
You were not hungry.

You visited 1 branch of the dungeon, and saw 5 of its levels.

You collected 27 gold pieces.

Inventory:

Hand Weapons
 a - a +0 trident (weapon)
 g - a +0 hunting sling
 h - a +2 spear
 j - a cursed -3 morningstar
Missiles
 l - 5 javelins (quivered)
Armour
 B - a +0 robe (worn)
 C - a +1 cloak (worn)
 D - a +0 buckler (worn)
Scrolls
 f - a scroll of fog
 m - a scroll of enchant armour
Potions
 k - a potion of brilliance
Books
 b - the Handbook of Poisoning

   Spells                             Type                      Level
   a - Sting                          Conjuration/Poison           1
   b - Mephitic Cloud                 Conjuration/Poison/Air       3
Comestibles
 c - 2 rations


   Skills:
 + Level 2.6 Fighting
 + Level 0.9 Short Blades
 + Level 0.9 Long Blades
 + Level 0.9 Axes
 + Level 0.9 Maces & Flails
 + Level 2.6 Polearms
 + Level 0.9 Staves
 + Level 0.9 Slings
 + Level 0.9 Bows
 + Level 0.9 Crossbows
 + Level 2.6 Throwing
 + Level 0.9 Armour
 + Level 2.6 Dodging
 + Level 0.9 Stealth
 + Level 2.6 Shields
 + Level 0.9 Unarmed Combat
 + Level 5.0 Spellcasting
 + Level 0.6 Conjurations
 + Level 0.6 Hexes
 + Level 0.6 Charms
 + Level 0.6 Summonings
 + Level 0.6 Necromancy
 + Level 0.6 Translocations
 + Level 0.6 Transmutations
 + Level 0.6 Fire Magic
 + Level 0.6 Ice Magic
 + Level 0.6 Air Magic
 + Level 0.6 Earth Magic
 + Level 5.4 Poison Magic
 + Level 1.0 Invocations
 + Level 0.9 Evocations


You had 11 spell levels left.
You knew the following spells:

 Your Spells              Type           Power        Failure   Level  Hunger
a - Sting                 Conj/Pois      ##..         5%          1    None


Dungeon Overview and Level Annotations

Branches:
Dungeon (5/15)
 Temple: D:4-7

Altars:

Annotations:
D:3 Ijyb
D:5 Eustachio


Innate Abilities, Weirdness & Mutations

Your experience applies equally to all skills.
You have very sharp teeth.
Your uncanny sense of smell can sniff out nearby items.


Message History

You see here a scroll labeled DUGOIW OCLYFF.
m - 2 scrolls labeled DUGOIW OCLYFF (gained 1)
There is a stone staircase leading up here.
You climb upwards.
A bat, a kobold and a dart slug come into view.
The kobold shouts!
You block the bat's attack. The bat barely misses you.
There is a stone staircase leading down here.
You puncture the bat!
You kill the bat!
The dart slug launches a dart at you. The slug dart hits you!
* * * LOW HITPOINT WARNING * * *
You climb downwards.
There is a stone staircase leading up here.
Unknown command.
There is a stone staircase leading down here.
You climb downwards.
There is a stone staircase leading up here.
Unknown command.
An adder comes into view.
Ijyb the Twisted Goblin comes into view.
Ijyb shouts!
The adder hisses angrily.
Found an amethyst potion.
Casting: Sting
Confirm with . or Enter, or press ? or * to list all spells.
Aiming: Sting
Press: ? - help, Shift-Dir - straight line, f - adder
Aim: an adder The sting misses the adder.
Casting: Sting
Confirm with . or Enter, or press ? or * to list all spells.
Aiming: Sting
Press: ? - help, Shift-Dir - straight line, f/p - adder
Aim: an adder The sting misses the adder.
Casting: Sting
Confirm with . or Enter, or press ? or * to list all spells.
Aiming: Sting
Press: ? - help, Shift-Dir - straight line, f/p - adder
Aim: an adder The sting hits the adder.
The adder is poisoned.
The adder is moderately wounded.
The adder bites you.
You are poisoned.
The adder poisons you!
You barely miss the adder.
The adder is heavily wounded.
You feel sick. The adder bites you.
* * * LOW HITPOINT WARNING * * *
You are more poisoned.
The adder poisons you! The adder barely misses you.
Okay, then.
You feel sick.
You closely miss the adder. You bite the adder, but do no damage.
The adder is heavily wounded.
You feel sick. The adder bites you but does no damage.
You hear a zap.
You hear a grinding noise.
The adder barely misses you.
You miss the adder.
The adder is heavily wounded.
You feel sick.
The adder looks more healthy.
The quokka barely misses you. The adder barely misses you.
The quokka bites you.
* * * LOW HITPOINT WARNING * * *
You closely miss the adder.
The adder is heavily wounded.
The adder completely misses you. You block the quokka's attack.
The adder closely misses you.
You hear a zap.
Some rock shatters into small pieces.
Unknown command.
Okay, then.
Casting: Sting
Confirm with . or Enter, or press ? or * to list all spells.
Aiming: Sting
Press: ? - help, Shift-Dir - straight line, f - Ijyb, p - adder
Aim: Ijyb, wearing a ring mail The sting hits Ijyb.
Ijyb appears unharmed.
You feel sick. You block the quokka's attack. The adder closely misses you.
Casting: Sting
Confirm with . or Enter, or press ? or * to list all spells.
Aiming: Sting
Press: ? - help, Shift-Dir - straight line, f/p - Ijyb
Aim: Ijyb, wearing a ring mail The sting misses Ijyb.
You feel sick. The quokka misses you. The adder bites you but does no damage.
The quokka bites you.
* * * LOW HITPOINT WARNING * * *
As you read the scroll labeled DUGOIW OCLYFF, it crumbles to dust.
It is a scroll of enchant armour.
Your +0 cloak glows green for a moment.
The adder closely misses you. You block Ijyb's attack. The adder misses you.
The quokka barely misses you.
You puncture the adder!
You kill the adder!
* * * LOW HITPOINT WARNING * * *
You feel sick. The quokka closely misses you. Ijyb barely misses you.
You hit Ijyb but do no damage. The quokka bites you.
* * * LOW HITPOINT WARNING * * *
Ijyb screams, "Me very upset!"
You block Ijyb's attack. The quokka bites you.
You die...

#.......... #........#
#........# # #........#
# #. #)..[....#
#.##.####.....[..#
.................#
.................#
.......†.....#
..........############.#
................
......[....!....
........%.......
................
########........
#........


You could see Ijyb and a quokka.

Vanquished Creatures
  3 adders
  A worm (D:3)
  A leopard gecko (D:1)
  3 orcs (D:3)
  A ball python (D:3)
  A bat (D:1)
  A giant cockroach (D:1)
  A goblin (D:2)
  2 hobgoblins (D:2)
  2 frilled lizards
  A kobold (D:1)
  A rat (D:2)
18 creatures vanquished.

Notes
Turn   | Place    | Note
-------+----------+-------------------------------------------
     0 | D:1      | tidbits the Gnoll Wanderer began the quest for the Orb.
     0 | D:1      | tidbits set off with: a +2 spear, the Handbook of Poisoning, a +0 buckler, a +0 robe, a ration
     0 | D:1      | Reached XP level 1. HP: 17/17 MP: 6/6
     0 | D:1      | Identified the Handbook of Poisoning
    25 | D:1      | Learned a level 1 spell: Sting
    41 | D:2      | Reached XP level 2. HP: 16/23 MP: 4/7
   163 | D:5      | Entered Level 5 of the Dungeon
   163 | D:5      | Noticed Eustachio
   205 | D:3      | Reached XP level 3. HP: 11/28 MP: 9/9
   213 | D:3      | Reached skill level 5 in Spellcasting
   317 | D:2      | Reached skill level 1 in Invocations
   363 | D:3      | Noticed Ijyb
   377 | D:3      | Slain by a quokka

Skill      XL: |  1  2  3 |
---------------+----------+-----
Spellcasting   | 5 |  5.0
Invocations    | 1 |  1.0
Fighting       | |  2.6
Short Blades   | |  0.9
Long Blades    | |  0.9
Axes           | |  0.9
Maces & Flails | |  0.9
Polearms       | |  2.6
Staves         | |  0.9
Slings         | |  0.9
Bows           | |  0.9
Crossbows      | |  0.9
Throwing       | |  2.6
Armour         | |  0.9
Dodging        | |  2.6
Stealth        | |  0.9
Shields        | |  2.6
Unarmed Combat | |  0.9
Conjurations   | |  0.6
Hexes          | |  0.6
Charms         | |  0.6
Summonings     | |  0.6
Necromancy     | |  0.6
Translocations | |  0.6
Transmutations | |  0.6
Fire Magic     | |  0.6
Ice Magic      | |  0.6
Air Magic      | |  0.6
Earth Magic    | |  0.6
Poison Magic   | |  5.4
Evocations     | |  0.9

Action                   || total
-------------------------++-------
Melee: Spear             ||    41
       Bite              ||     2
       Trident           ||    14
 Cast: Sting             ||     9
  Use: Potion            ||     2
       Scroll            ||     4
 Stab: Sleeping          ||     2
Armor: Robe              ||     9
Dodge: Dodged            ||    31
Block: Buckler           ||     9

Table legend:
 A = Turns spent in this place as a percentage of turns spent in the entire game.
 B = Non-inter-level travel turns spent in this place as a percentage of non-inter-level travel turns spent in the entire game.
 C = Inter-level travel turns spent in this place as a percentage of turns spent in this place.
 D = Turns resting spent in this place as a percentage of non-inter-level travel turns spent in this place.
 E = Turns spent auto-exploring this place as a percentage of non-inter-level travel turns spent in this place.
 F = Non-inter-level travel turns spent in this place divided by the number of levels of this place that you've seen.
                   A       B       C       D       E      F
               +-------+-------+-------+-------+-------+----------------------
         Total | 100.0 | 100.0 |   0.0 |   0.0 |   0.0 |  75.4
       Dungeon | 100.0 | 100.0 |   0.0 |   0.0 |   0.0 |  75.4
               +-------+-------+-------+-------+-------+----------------------

Table legend:
 A = Kills in this place as a percentage of kills in entire the game.
 B = Kills by you in this place as a percentage of kills by you in the entire game.
 C = Kills by friends in this place as a percentage of kills by friends in the entire game.
 D = Other kills in this place as a percentage of other kills in the entire game.
 E = Experience gained in this place as a percentage of experience gained in the entire game.
 F = Experience gained in this place divided by the number of levels of this place that you have seen.
                   A       B       C       D       E      F
               +-------+-------+-------+-------+-------+----------------------
         Total | 100.0 | 100.0 |   N/A |   N/A | 100.0 |  14.4
       Dungeon | 100.0 | 100.0 |   N/A |   N/A | 100.0 |  14.4
               +-------+-------+-------+-------+-------+----------------------

Vault maps used:
D:1:      tarquinn_simple_flora_water_f
D:2:      uniq_crazy_yiuf_cottage, uniq_jessica
D:3:      minmay_misc_feat_room, uniq_ijyb
D:4:      first_ration, serial_shops, kennysheep_mini_moat
D:5:      temple_statues, gup_sewer_entry_bubbles, serial_park_tiny_pond,
          uniq_eustachio
